 Dungeon Crawl Stone Soup version 0.26-a0-854-gdc81c2f471 (webtiles) character file.

Game seed: 10078803419171612495

637 tatocazan the Spear-Bearer (level 7, -5/49 HPs)
             Began as a Merfolk Gladiator on Nov 22, 2020.
             Was an Initiate of Hepliaklqana.
             Killed by divine providence
             ... invoked by an orc priest
              (13 damage)
             ... on level 6 of the Dungeon.
             The game lasted 00:07:03 (5952 turns).

tatocazan the Spear-Bearer (Merfolk Gladiator)      Turns: 5952, Time: 00:07:03

Health: -5/49      AC: 10    Str: 15    XL:     7   Next: 50%
Magic:  7/7        EV: 19    Int:  7    God:    Hepliaklqana [......]
Gold:   307        SH:  0    Dex: 17    Spells: 6/6 levels left

rFire    . . .     SeeInvis .   i - +0 spear (flame)
rCold    . . .     Faith    .   (no shield)
rNeg     . . .     Spirit   .   q - +3 leather armour
rPois    +         Reflect  .   (helmet restricted)
rElec    .         Harm     .   (no cloak)
rCorr    .         Rampage  .   (no gloves)
MR       .....                  C - +0 pair of boots
Stlth    +.........             (no amulet)
HPRegen  0.16/turn              j - +4 ring of evasion
MPRegen  0.10/turn              D - ring of poison resistance

@: brilliant, attractive
A: change form in water, swift swim, stealthy swim, reduced essence, beak,
rugged brown scales 1, thin metallic scales 1, no potion heal 1
a: Recall Ancestor, Ancestor Identity, Renounce Religion


You were on level 6 of the Dungeon.
You worshipped Hepliaklqana.
Hepliaklqana was noncommittal.
You visited 2 branches of the dungeon, and saw 7 of its levels.

You collected 307 gold pieces.

Inventory:

Hand Weapons
 a - a +0 trident
 i - a +0 spear of flaming (weapon)
Missiles
 d - 3 throwing nets
 h - 14 poisoned darts (quivered)
 p - 2 datura-tipped darts
Armour
 b - a +0 leather armour
 c - a +0 helmet
 q - a +3 leather armour (worn)
 C - a +0 pair of boots (worn)
Jewellery
 j - a +4 ring of evasion (left hand)
 m - an uncursed ring of protection from cold
 D - a ring of poison resistance (right hand)
Wands
 n - a wand of disintegration (6)
 u - a wand of flame (11)
 A - a wand of digging (4)
Scrolls
 e - 7 scrolls of identify
 f - 2 scrolls of enchant armour {unknown}
 l - 2 scrolls of amnesia {unknown}
 o - a scroll of fear {unknown}
 t - a scroll of enchant weapon {unknown}
 v - 2 scrolls of teleportation {unknown}
 w - 2 scrolls of random uselessness
 y - a scroll of remove curse {unknown}
 B - 3 scrolls of magic mapping {unknown}
 E - 2 scrolls of silence {unknown}
Potions
 g - 4 potions of heal wounds
 k - a potion of mutation
 r - 2 potions of attraction
 s - a potion of brilliance
 x - a potion of cancellation {unknown}
 z - a potion of resistance {unknown}


   Skills:
 + Level 3.9 Fighting
 + Level 8.8 Polearms
 + Level 2.7 Throwing
 + Level 2.2 Armour
 + Level 5.7 Dodging


You had 6 spell levels left.
You didn't know any spells.
Your spell library contained the following spells:

 Spells                   Type           Power        Failure   Level
 Confusing Touch          Hex            #.......     86%         3
 Gell's Gravitas          Tloc           #.........   86%         3
 Petrify                  Tmut/Erth      #.......     99%         4
 Metabolic Englaciation   Hex/Ice        #.........   100%        5
 Yara's Violent Unravell  Hex/Tmut       #.........   100%        5


Dungeon Overview and Level Annotations

Branches:
Dungeon (6/15)             Temple (1/1) D:5

Altars:
Dithmenos
Hepliaklqana
Kikubaaqudgha
Makhleb
Qazlal
Ru
Sif Muna
Trog
Uskayaw
Yredelemnul
Zin


Innate Abilities, Weirdness & Mutations

You revert to your normal form in water.
You are very nimble and swift while swimming.
You are very stealthy in the water. (Stealth+)
Your life essence is reduced to manifest your ancestor. (-10% HP)
You have a beak for a mouth.
You are partially covered in rugged brown scales. (AC +1, +3% HP)
You are partially covered in thin metallic scales. (AC +2)
Potions are less effective at restoring your health.


Message History

You feel clever all of a sudden.
You feel less confused.
The orc priest hits you but does no damage.
You hear some strange, mumbled words.
A magic dart appears from out of thin air!
The magic dart hits you.
The orc hits you with a +0 hand axe of flaming.
The orc burns you. The orc hits you but does no damage.
The orc warrior completely misses you.
As you read the scroll labelled UMAHEWK CAIT, it crumbles to dust.
It is a scroll of identify.
w - 2 scrolls of random uselessness The orc priest closely misses you.
Something hits you but does no damage.
The orc hits you with a +0 hand axe of flaming!
* * * LOW HITPOINT WARNING * * *
The orc burns you.
* * * LOW HITPOINT WARNING * * *
The orc misses you.
The orc priest invokes the aid of Beogh against you.
Beogh smites you!
You die...

....)#......# ##.#..
.....#..(...#
#.........
............# #.#..
.... ............#
#.#.. #.. ..........#
#....###.. #.......##
#......... #........#
#.# #.#†.. #...{oo..#
#.###.....
#..$o@o..####.........
#...o.........###..#.#
#.............# #....#
.....#####......#
#.#... .###.
#######.......# # #.
.....#.# #. ..(.....
.....##. .....#


You could see an orc warrior, 2 orc priests and 2 orcs.

Vanquished Creatures
  An ice beast (D:5)
  An ogre (D:4)
  2 hounds (D:4)
  2 orc priests
  Ijyb (D:3)
  2 worker ants
  2 hound zombies (D:5)
  7 adders
  A shadow imp (D:6)
  A worm (D:4)
  5 dart slugs
  2 leopard geckos (D:1)
  11 orcs
  3 giant cockroaches
  6 goblins (D:2)
  10 hobgoblins
  4 jackals (D:1)
  4 kobolds
  3 quokkas
  A ball python (D:3)
  8 bats
  12 frilled lizards
  A jackal skeleton (D:4)
  5 rats
95 creatures vanquished.

Vanquished Creatures (collateral kills)
  2 worker ants
  2 orcs (D:5)
  A quokka (D:5)
5 creatures vanquished.

Vanquished Creatures (others)
  A draconian (D:1)
  A gargoyle (D:1)
  2 trolls (D:1)
  A formicid (D:1)
  A vampire (D:1)
  2 humans (D:1)
  A naga (D:1)
  A dwarf (D:1)
  A centaur (D:1)
  A mummy (D:1)
  An ancestor (D:6)
  2 orcs (D:1)
  A kobold (D:1)
  4 tentacles (D:1)
20 creatures vanquished.

Grand Total: 120 creatures vanquished

Notes
Turn   | Place    | Note
-------+----------+-------------------------------------------
     0 | D:1      | tatocazan the Merfolk Gladiator began the quest for the
                  | Orb.
     0 | D:1      | Reached XP level 1. HP: 16/16 MP: 1/1
     2 | D:1      | Noticed a human
     2 | D:1      | Noticed a troll
     2 | D:1      | Noticed a troll
     2 | D:1      | Noticed a dwarf
     2 | D:1      | Noticed a vampire
     2 | D:1      | Noticed a centaur
     2 | D:1      | Noticed a kraken
     2 | D:1      | Noticed a formicid
     2 | D:1      | Noticed a draconian
     2 | D:1      | Noticed a naga
     2 | D:1      | Noticed a gargoyle
     2 | D:1      | Noticed a human
     5 | D:1      | Killed a naga
     5 | D:1      | Killed a gargoyle
     6 | D:1      | Killed a dwarf
     7 | D:1      | Killed a troll
     7 | D:1      | Killed a human
     9 | D:1      | Killed a troll
     9 | D:1      | Killed a vampire
     9 | D:1      | Killed a draconian
    10 | D:1      | Killed a centaur
    11 | D:1      | Killed a human
    11 | D:1      | Killed a formicid
   195 | D:1      | Reached XP level 2. HP: 22/22 MP: 2/2
   267 | D:1      | Reached skill level 5 in Polearms
   293 | D:1      | Reached XP level 3. HP: 24/27 MP: 3/3
   973 | D:2      | Reached XP level 4. HP: 25/34 MP: 4/4
  1292 | D:2      | Reached skill level 1 in Armour
  1375 | D:2      | Reached skill level 6 in Polearms
  1664 | D:3      | Reached XP level 5. HP: 23/39 MP: 5/5
  2305 | D:3      | Noticed Ijyb
  2334 | D:3      | Killed Ijyb
  2588 | D:4      | Noticed an ogre
  2642 | D:4      | HP: 2/40 [ogre/cursed -2 giant club (8)]
  2643 | D:4      | Killed an ogre
  2644 | D:4      | Reached skill level 7 in Polearms
  2644 | D:4      | Reached skill level 5 in Dodging
  2644 | D:4      | Reached XP level 6. HP: 3/47 MP: 6/6
  3491 | D:4      | Found a basalt altar of Yredelemnul.
  4119 | D:5      | Entered Level 5 of the Dungeon
  4176 | D:5      | Found a staircase to the Ecumenical Temple.
  4208 | Temple   | Entered the Ecumenical Temple
  4233 | Temple   | Became a worshipper of Hepliaklqana the Forgotten
  4799 | D:5      | Found a shimmering blue altar of Sif Muna.
  4889 | D:5      | Reached XP level 7. HP: 40/46 MP: 7/7
  5012 | D:5      | Reached skill level 8 in Polearms
  5950 | D:6      | Gained mutation: You are partially covered in rugged brown
                  | scales. (AC +1, +3% HP) [potion of mutation]
  5950 | D:6      | Gained mutation: You are partially covered in thin metallic
                  | scales. (AC +2) [potion of mutation]
  5950 | D:6      | Gained mutation: Potions are less effective at restoring
                  | your health. [potion of mutation]
  5950 | D:6      | Gained mutation: You have a beak for a mouth. [potion of
                  | mutation]
  5952 | D:6      | Killed from afar by an orc priest

Illustrated notes

Levels and vault maps discovered:
D:1:      nicolae_arrival_kraken_aquarium_b, layout_rooms
D:2:      layout_basic, minmay_unequal
D:3:      layout_rooms, uniq_ijyb
D:4:      layout_loops_ring, nicolae_overflow_crystal_walls,
          chequers_serial_rivers_small_a
D:5:      layout_cave_pods, nicolae_overflow_hidden_temple,
          minmay_temple_entry_trees
D:6:      layout_basic, grunt_ministairs_15
Temple:   eino_temple_scatter_basement

Skill      XL: |  1  2  3  4  5  6  7 |
---------------+----------------------+-----
Polearms       | 5 6 7 8 |  8.8
Armour         | 1 2 |  2.2
Fighting       | 3 |  3.9
Dodging        | 5 |  5.7
Throwing       | |  2.7

Action                   |  1- 3 |  4- 6 |  7- 9 || total
-------------------------+-------+-------+-------++-------
Melee: Trident           |    49 |       |       ||    49
       Spear             |    52 |   216 |    74 ||   342
Throw: Dart              |       |     9 |       ||     9
Invok: Ancestor Identity |       |     1 |     1 ||     2
  Use: Potion            |       |       |     4 ||     4
       Scroll            |       |       |     1 ||     1
 Stab: Sleeping          |     1 |     2 |       ||     3
Armor: Leather armour    |    26 |    30 |    15 ||    71
Dodge: Dodged            |    73 |    97 |    38 ||   208

Table legend: (Time is in decaauts)
 A = Elapsed time spent in this place.
 B = Non-inter-level travel time spent in this place.
 C = Inter-level travel time spent in this place.
 D = Time resting spent in this place.
 E = Time spent auto-exploring this place.
 F = Levels seen in this place.
 G = Mean time per level.
                   A        B        C        D        E       F      G
               +--------+--------+--------+--------+--------+-----+--------+
         Total |   5864 |   5732 |    132 |   2479 |   2531 |   7 |  837.7 |
       Dungeon |   5811 |   5684 |    127 |   2479 |   2496 |   6 |  968.5 |
        Temple |     52 |     47 |      5 |      0 |     35 |   1 |   52.0 |
               +--------+--------+--------+--------+--------+-----+--------+

Top non-repeatable levels by time:
     D:5: 1556 daAuts
     D:4: 1520 daAuts
     D:3: 1089 daAuts
     D:1: 735 daAuts
     D:2: 718 daAuts
     D:6: 190 daAuts
  Temple: 52 daAuts
